 Dungeon Crawl Stone Soup version 0.18-a0-902-g8738618 (webtiles) character file.

10 Jmtri7 the Charlatan (level 2, 0/21 HPs)
             Began as a Formicid Artificer on Dec 25, 2015.
             Slain by an orc (4 damage)
             ... on level 4 of the Dungeon.
             The game lasted 00:01:16 (106 turns).

Jmtri7 the Charlatan (Formicid Artificer)            Turns: 106, Time: 00:01:17

Health: 0/21       AC:  3    Str: 15    XL:     2   Next: 30%
Magic:  5/5        EV: 11    Int: 11    God:
Gold:   0          SH:  0    Dex: 11    Spells: 0 memorised, 1 level left

rFire  . . .     SeeInvis +     j - +0 hand axe (curse)
rCold  . . .     Gourm    .     b - +0 leather armour
rNeg   . . .     Faith    .     (no shield)
rPois  +         Spirit   .     (helmet unavailable)
rElec  .         Dismiss  .     (no cloak)
rCorr  .         Reflect  .     (no gloves)
SustAt .         Harm     .     (no boots)
MR     .....                    (no amulet)
Stlth  +.........               (no ring)
                                h - ring of poison resistance

@: not resistant to hostile enchantments, very unstealthy
A: permanent stasis, dig shafts and tunnels, four strong arms, antennae 3
a: Dig, Shaft Self


You were on level 4 of the Dungeon.
You were not hungry.

You visited 1 branch of the dungeon, and saw 4 of its levels.

Inventory:

Hand Weapons
 a - a +0 short sword
 j - a cursed +0 hand axe (weapon)
Armour
 b - a +0 leather armour (worn)
Jewellery
 h - a ring of poison resistance (left hand)
Wands
 c - a wand of flame (15/48)
 d - a wand of enslavement (14/24)
 e - a wand of random effects (15/48)
Potions
 g - a potion of invisibility {unknown}
 i - a potion of poison {unknown}
Comestibles
 f - a bread ration


   Skills:
 - Level 1.1 Fighting
 - Level 1.0 Short Blades
 - Level 1.7 Dodging
 - Level 1.2 Stealth
 + Level 4.0 Evocations


You had one spell level left.
You didn't know any spells.

Dungeon Overview and Level Annotations

Branches:
Dungeon (3/15)

Altars:
Ru

Annotations:
D:4 Menkaure


Innate Abilities, Weirdness & Mutations

You are under a permanent stasis effect.
You can dig through walls and to a lower floor.
Your four strong arms can wield two-handed weapons with a shield.
You have a pair of large antennae on your head (SInv).


Message History

Menkaure hits Jmtri7's ghost!
You hit Jmtri7's ghost.
Jmtri7's ghost is heavily damaged.
Jmtri7's ghost misses you.
Menkaure closely misses Jmtri7's ghost.
The orc hits you but does no damage.
Menkaure hits Jmtri7's ghost but does no damage.
Jmtri7's ghost hits you but does no damage.
You closely miss Jmtri7's ghost.
Jmtri7's ghost is heavily damaged.
You hit the orc.
The orc is moderately wounded.
Menkaure hits Jmtri7's ghost!!
Jmtri7's ghost is destroyed!
Your Evocations skill increases to level 4!
You have reached level 2!
The orc barely misses you.
You hit the orc.
The orc is severely wounded.
Menkaure barely misses the orc.
The orc hits you.
You die...

###..######.#.#
#............#.#
+...<..........
#............#
#............#
#............#
#........$...#
#......oM....#
#......@.....#{
########+###.# {
# {


You could see an orc and the friendly Menkaure.

Vanquished Creatures
  A giant cockroach (D:1)
  A giant newt (D:3)
  A rat (D:1)
3 creatures vanquished.

Vanquished Creatures (collateral kills)
  The ghost of Jmtri7 the Charlatan, a weakling FoAr (D:4)
1 creature vanquished.

Grand Total: 4 creatures vanquished

Notes
Turn   | Place    | Note
--------------------------------------------------------------
     0 | D:1      | Jmtri7 the Formicid Artificer began the quest for the Orb.
     0 | D:1      | Reached XP level 1. HP: 15/15 MP: 3/3
    39 | D:1      | You fall through a shaft!
    39 | D:2      | Found a sacrificial altar of Ru.
    46 | D:2      | You fall through a shaft!
    97 | D:3      | You fall through a shaft!
    97 | D:4      | Noticed Menkaure
    99 | D:4      | Noticed Jmtri7's ghost (weakling FoAr)
   105 | D:4      | Killed Jmtri7's ghost
   105 | D:4      | Reached skill level 4 in Evocations
   105 | D:4      | Reached XP level 2. HP: 4/21 MP: 5/5
   106 | D:4      | Slain by an orc

Vault maps used:
D:1:      lightli_arrival_lavapool
D:2:      marbit_many_paths, nicolae_ru_awakened_eye, ecumenical_altar_1,
          nicolae_gozag_cash_rules_everything_around_me
D:3:      bloody_trog, serial_co_window_serial, co_window_paths_a,
          co_window_corner_a, co_window_paths_b, co_window_paths_a,
          co_window_corner_a, co_window_of_opportunity_a,
          co_window_unsneaky_path_e, co_window_corner_b, co_window_broadway_b,
          co_window_of_opportunity_b, co_window_broadway_a, glass_columns_c,
          glass_columns_c, glass_columns_a, glass_columns_c, glass_columns_b
D:4:      uniq_menkaure, uniq_pikel, uniq_crazy_yiuf_cottage, uniq_eustachio

Action                   || total
-------------------------++-------
Melee: Short sword       ||    12
       Hand axe          ||     3
 Abil: Shaft Self        ||     3
Evoke: Wand              ||     1
